 Dungeon Crawl Stone Soup version 0.21.1-1-g345015f (webtiles) character file.

989 VLARC the Chiller (level 8, -2/57 HPs)
             Began as a Ghoul Ice Elementalist on Apr 4, 2018.
             Was an Initiate of Kikubaaqudgha.
             Shot with an arrow by a centaur (15 damage)
             ... on level 6 of the Dungeon.
             The game lasted 00:10:24 (5028 turns).

VLARC the Chiller (Ghoul Ice Elementalist)          Turns: 5028, Time: 00:10:25

Health: -2/57      AC:  3    Str: 12    XL:     8   Next: 18%
Magic:  2/13       EV: 12    Int: 12    God:    Kikubaaqudgha [......]
Gold:   154        SH:  0    Dex:  9    Spells: 6/16 levels left

rFire    + . .     SeeInvis .   e - +1 dagger (flame)
rCold    + . .     Gourm    .   (no shield)
rNeg     + + +     Faith    .   a - +0 robe
rPois    ∞         Spirit   .   (no helmet)
rElec    .         Reflect  .   p - scarf {cloud immunity}
rCorr    .         Harm     .   (no gloves)
MR       .....                  r - +0 pair of boots (curse)
Stlth    ++........             o - amulet of magic regeneration
HPRegen  0.00/turn              g - ring of protection from fire
MPRegen  0.38/turn              l - +3 ring of slaying

@: very slightly contaminated, rotting
A: rotting body, claws 1, carnivore, cold resistance 1, negative energy
resistance 3, inhibited regeneration, torment resistance, unbreathing
a: Renounce Religion


You were on level 6 of the Dungeon.
You worshipped Kikubaaqudgha.
Kikubaaqudgha was noncommittal.
You were not hungry.

You visited 2 branches of the dungeon, and saw 7 of its levels.

You collected 154 gold pieces.

Inventory:

Hand Weapons
 e - a +1 dagger of flaming (weapon)
Missiles
 k - 116 stones (quivered)
Armour
 a - a +0 robe (worn)
 p - a scarf of cloud immunity (worn)
 r - a cursed +0 pair of boots (worn)
Jewellery
 g - a ring of protection from fire (left claw)
 l - a +3 ring of slaying (right claw)
 o - an amulet of magic regeneration (around neck)
Scrolls
 c - 7 scrolls of identify {unknown}
 d - 2 scrolls of teleportation {unknown}
 i - a scroll of enchant armour {unknown}
 m - 3 scrolls of remove curse {unknown}
 t - a scroll of fear {unknown}
 v - a scroll of magic mapping {unknown}
 y - 2 scrolls of fog {unknown}
 z - a scroll of random uselessness {unknown}
Potions
 h - a potion of degeneration {unknown}
 j - 4 potions of curing {unknown}
 n - a potion of mutation {unknown}
 q - a potion of berserk rage {unknown}
 s - a potion of invisibility {unknown}
 u - a potion of ambrosia {unknown}
 w - 2 potions of flight {unknown}
 x - a potion of lignification {unknown}
Comestibles
 f - 9 rations


   Skills:
 - Level 1.7 Dodging
 - Level 2.1 Stealth
 - Level 4.5 Spellcasting
 - Level 0.7 Conjurations
 + Level 3.3 Summonings
 + Level 7.9 Ice Magic


You had 6 spell levels left.
You knew the following spells:

 Your Spells              Type           Power        Failure   Level  Hunger
a - Freeze                Ice            ###.         1%          1    None
b - Ozocubu's Armour      Chrm/Ice       ##......     12%         3    ###....
c - Summon Ice Beast      Ice/Summ       ###.....     21%         4    ####...
d - Throw Frost           Conj/Ice       ##....       5%          2    ##.....


Dungeon Overview and Level Annotations

Branches:
Dungeon (6/15)             Temple (1/1) D:5

Altars:
Dithmenos
Fedhas
Kikubaaqudgha
Makhleb
Okawaru
Qazlal
Ru
Sif Muna
Uskayaw
Wu Jian
Yredelemnul
The Shining One

Annotations:
D:5 Terandir's ghost, novice MiFi


Innate Abilities, Weirdness & Mutations

Your body is rotting away.
You thrive on raw meat.
You are immune to poison.
You have sharp fingernails.
You are carnivorous and can eat meat at any time.
Your flesh is cold resistant. (rC+)
You are immune to negative energy. (rN+++)
You do not regenerate when monsters are visible.
You are immune to unholy pain and torment.
You can survive without breathing.


Message History

Confirm with . or Enter, or press ? or * to list all spells.
Aiming: Freeze
Press: ? - help, Shift-Dir - straight line, f/p - hound
Aim: a hound (severely wounded)
You freeze the hound.
You kill the hound!
Kikubaaqudgha accepts your kill.
Your icy armour evaporates.
A centaur comes into view.
The centaur shouts!
The centaur wields a shortbow.
The centaur shoots an arrow.
The arrow hits you!
* * * LOW HITPOINT WARNING * * *
Things that are here:
an arrow; a hound corpse You see here 4 chunks of flesh.
The centaur shoots an arrow.
The arrow barely misses you.
There is a stone staircase leading up here.
The centaur shoots an arrow.
The arrow hits you!
You die...
Kikubaaqudgha rasps: "You have failed me!
Welcome... oblivion!"

#...............
#...............
#..............
##.$.......c..
#..........#
#.......<..#
#.....(.>..#
#.....%....#
#....@.....#
##........##
##......##
########


You could see a centaur.

Vanquished Creatures
  Sigmund (D:2)
  A sky beast (D:6)
  A phantom (D:4)
  A centaur (D:5)
  2 howler monkeys
  3 hounds
  A centaur skeleton (D:4)
  An orc priest (D:3)
  Jessica (D:3)
  5 worker ants
  3 gnolls (D:5)
  4 adders
  2 oozes
  4 worms
  2 dart slugs
  2 leopard geckos
  8 orcs
  2 ball pythons
  10 bats
  4 giant cockroaches
  4 goblins
  6 hobgoblins
  17 jackals
  7 kobolds
  4 quokkas
  7 frilled lizards
  A jackal skeleton (D:4)
  10 rats
114 creatures vanquished.

Notes
Turn   | Place    | Note
-------+----------+-------------------------------------------
     0 | D:1      | VLARC the Ghoul Ice Elementalist began the quest for the Orb.
     0 | D:1      | Reached XP level 1. HP: 14/14 MP: 2/2
   132 | D:1      | Reached XP level 2. HP: 20/20 MP: 4/4
   399 | D:1      | Reached XP level 3. HP: 26/26 MP: 5/5
   473 | D:1      | Reached skill level 4 in Ice Magic
  1019 | D:2      | Noticed Sigmund
  1025 | D:2      | Learned a level 3 spell: Ozocubu's Armour
  1077 | D:3      | Reached XP level 4. HP: 31/33 MP: 7/7
  1413 | D:3      | Reached XP level 5. HP: 35/38 MP: 8/8
  1486 | D:3      | Noticed Jessica
  1491 | D:3      | Killed Jessica
  1491 | D:3      | Reached skill level 5 in Ice Magic
  1963 | D:4      | Found a hide-covered altar of Uskayaw.
  1963 | D:4      | Noticed a dagger
  1963 | D:4      | Noticed a dagger
  2107 | D:4      | Reached XP level 6. HP: 24/45 MP: 2/10
  2718 | D:4      | Noticed a phantom
  2806 | D:4      | Killed a phantom
  2806 | D:4      | Reached skill level 6 in Ice Magic
  3277 | D:4      | Reached XP level 7. HP: 44/47 MP: 12/12
  3726 | D:4      | Learned a level 4 spell: Summon Ice Beast
  3729 | D:4      | Learned a level 2 spell: Throw Frost
  3753 | D:5      | Entered Level 5 of the Dungeon
  3766 | D:5      | Reached skill level 1 in Summonings
  4160 | D:5      | Found a staircase to the Ecumenical Temple.
  4166 | Temple   | Entered the Ecumenical Temple
  4189 | Temple   | Became a worshipper of Kikubaaqudgha
  4421 | D:5      | Noticed Terandir's ghost (novice MiFi)
  4532 | D:2      | Killed Sigmund
  4532 | D:2      | Reached skill level 7 in Ice Magic
  4617 | D:2      | Found a burning altar of Makhleb.
  5005 | D:6      | Reached XP level 8. HP: 13/57 MP: 2/13
  5028 | D:6      | Shot with an arrow by a centaur

Skill      XL: |  1  2  3  4  5  6  7  8 |
---------------+-------------------------+-----
Spellcasting   | 2 3 4 |  4.5
Ice Magic      | 4 5 6 7 |  7.9
Summonings     | 2 3 |  3.3
Dodging        | |  1.7
Stealth        | |  2.1
Conjurations   | |  0.7

Action                   |  1- 3 |  4- 6 |  7- 9 || total
-------------------------+-------+-------+-------++-------
Melee: Dagger            |    98 |   144 |    45 ||   287
       Unarmed           |     5 |       |       ||     5
 Cast: Freeze            |     7 |    42 |    36 ||    85
       Ozocubu's Armour  |       |     1 |     4 ||     5
  Use: Scroll            |       |       |     1 ||     1
 Stab: Sleeping          |     4 |     4 |     4 ||    12
       Distracted        |       |     1 |       ||     1
  Eat: Chunk             |    11 |    13 |    11 ||    35
       Ration            |       |       |     1 ||     1
Armor: Robe              |    21 |    17 |    30 ||    68
Dodge: Dodged            |    81 |   101 |    53 ||   235
